 Dungeon Crawl Stone Soup version 0.30.1 (webtiles) character file.

Game seed: 10360097408436023550

51506 tizbic2 the Cleaver (level 14, 0/80 HPs)
             Began as a Vine Stalker Brigand on July 8, 2023.
             Was an Initiate of Gozag.
             Slain by a meliai
             ... wielding a +0 war axe
              (2 damage)
             ... on level 15 of the Dungeon.
             The game lasted 01:10:30 (12777 turns).

tizbic2 the Cleaver (Vine Stalker Brigand)         Turns: 12777, Time: 01:10:32

Health: 0/80       AC: 23    Str: 25    XL:     14   Next: 59%
Magic:  0/25       EV: 10    Int: 17    God:    Gozag
Gold:   2204       SH:  0    Dex: 20    Spells: 24/27 levels left

rFire   . . .        a - +8 battleaxe of Accord {heavy, Dex+4}
rCold   . . .        (shield currently unavailable)
rNeg    . . .        T - +5 scale mail of the Many Shrikes {rPois Str+4 Int+3}
rPois   +            M - +1 helmet {Int+3}
rElec   .            L - +2 cloak {Will+}
rCorr   .            z - +0 pair of gloves
SInv    .            H - +2 pair of boots {Fly}
Will    +++..        V - amulet of magic regeneration
Stlth   +++          Z - ring "Apiemn" {Wiz Will+ Str+2 Slay+3 Stlth+}
HPRegen 1.13/turn    C - +4 ring of slaying
MPRegen 0.59/turn

%: guardian spirit, wizardry (x1)
@: gold aura, flying
A: fangs 3, regeneration 1, magic shield, antimagic bite, no potion heal 2
a: Renounce Religion, Potion Petition, Call Merchant, Bribe Branch


You were on level 15 of the Dungeon.
You worshipped Gozag.
Gozag was most pleased with you.
You visited 1 branch of the dungeon, and saw 15 of its levels.
You also visited: Bailey and Gauntlet.

You collected 4773 gold pieces.
You spent 955 gold pieces at shops.
You paid 1614 gold pieces to Gozag.

Inventory:

Hand Weapons
 a - the +8 battleaxe of Accord (weapon) {heavy, Dex+4}
   (You took it off a minotaur in a Gauntlet)

   Dex:       It affects your dexterity (+4).
 w - the +5 longbow "Fiqoorogg" {elec, Int+2}
   (You found it on level 14 of the Dungeon)

   Int:       It affects your intelligence (+2).
 N - the +10 hand axe of Qubiset {freeze, Int+3}
   (You found it on level 2 of the Dungeon)

   Int:       It affects your intelligence (+3).
 X - a +0 mace of holy wrath
Missiles
 d - 53 poisoned darts
 e - 6 curare-tipped darts
 j - 3 silver javelins
 t - 4 boomerangs of dispersal
 D - 4 atropa-tipped darts
 K - 2 throwing nets
 R - 15 boomerangs (quivered)
 S - 4 datura-tipped darts
Armour
 h - a +1 kite shield of protection
 z - a +0 pair of gloves (worn)
 H - a +2 pair of boots of flying (worn)
 L - a +2 cloak of willpower (worn)
 M - a +1 helmet of intelligence (worn)
 T - the +5 scale mail of the Many Shrikes (worn) {rPois Str+4 Int+3}
   (You found it in a bailey)

   Str:       It affects your strength (+4).
   Int:       It affects your intelligence (+3).
   rPois:     It protects you from poison.
Magical Staves
 Q - the staff of fire "Ewnurioq" {rF+ rCorr Int+3}
   (You found it in a Gauntlet)

   [staff of fire]

   Base accuracy: +5 Base damage: 5 Base attack delay: 1.2 This weapon's minimum
   attack delay (0.6) is reached at skill level 12.
   Int:       It affects your intelligence (+3).
   rF:        It protects you from fire.
   rCorr:     It protects you from acid and corrosion.
   It falls into the 'Staves' category.
   It is a one-handed weapon.
Jewellery
 r - a ring of willpower
 C - a +4 ring of slaying (right hand)
 V - an amulet of magic regeneration (around neck)
 Z - the ring "Apiemn" (left hand) {Wiz Will+ Str+2 Slay+3 Stlth+}
   (You bought it in a shop on level 12 of the Dungeon)

   [ring of wizardry]

   It improves your spell success rate.
   Str:       It affects your strength (+2).
   Slay:      It affects your accuracy & damage with ranged weapons and melee
   (+3).
   Will:      It increases your willpower.
   Stlth:     It makes you more stealthy.
Wands
 b - a wand of quicksilver (10)
 m - a wand of flame (49)
 o - a wand of polymorph (6)
 v - a wand of mindburst (27)
 B - a wand of iceblast (24)
 I - a wand of charming (15)
Scrolls
 g - 2 scrolls of summoning
 l - a scroll of fear {unknown}
 q - a scroll of identify
 s - 2 scrolls of amnesia
 y - a scroll of magic mapping
 E - 3 scrolls of teleportation
 F - 3 scrolls of poison
 U - a scroll of immolation
 Y - 2 scrolls of blinking
Potions
 c - a potion of haste
 i - 4 potions of attraction
 k - 7 potions of curing
 n - 2 potions of ambrosia
 p - a potion of invisibility {unknown}
 u - 4 potions of lignification
 x - 3 potions of brilliance
 A - 2 potions of flight
 G - a potion of cancellation
 J - a potion of mutation
 O - 4 potions of heal wounds {unknown}
 P - a potion of might
 W - 2 potions of resistance
Miscellaneous
 f - a phantom mirror


   Skills:
 + Level 12.2 Fighting
 - Level 1.7 Short Blades
 * Level 13.3 Axes
 - Level 7.8 Ranged Weapons
 - Level 2.4 Throwing
 + Level 8.4 Armour
 - Level 1.0 Dodging
 - Level 4.8 Stealth
 - Level 7.1 Spellcasting
 - Level 3.9 Summonings
 - Level 1.3 Fire Magic
 - Level 3.7 Ice Magic


You had 24 spell levels left.
You knew the following spells:

 Your Spells              Type           Power      Damage    Failure   Level
a - Ozocubu's Armour      Ice            18%        N/A       6%          3

Your spell library contained the following spells:

 Spells                   Type           Power      Damage    Failure   Level
 Frozen Ramparts          Ice            36%        1d6       6%          3
 Ensorcelled Hibernation  Hex/Ice        24%        N/A       7%          2
 Scorch                   Fire           20%        2d6       9%          2
 Blink                    Tloc           12%        N/A       16%         2
 Passwall                 Tmut/Erth      5%         N/A       16%         2
 Volatile Blastmotes      Fire/Tloc      16%        2d11      22%         3
 Ignite Poison            Fire/Tmut/Pois 7%         N/A       24%         3
 Dazzling Flash           Conj/Hex       12%        N/A       28%         3
 Portal Projectile        Hex/Tloc       12%        N/A       28%         3
 Spider Form              Tmut/Pois      6%         N/A       28%         3
 Swiftness                Air            6%         N/A       28%         3
 Tukima's Dance           Hex            6%         N/A       28%         3
 Flame Wave               Conj/Fire      8%         2d5       56%         4
 Anguish                  Hex/Necr       3%         N/A       65%         4
 Iskenderun's Mystic Bla  Conj/Tloc      6%         2d4       65%         4
 Manifold Assault         Tloc           6%         N/A       65%         4
 Alistair's Intoxication  Tmut/Pois      4%         N/A       92%         5
 Blade Hands              Tmut           3%         N/A       92%         5
 Summon Cactus Giant      Summ           9%         N/A       94%         6
 Starburst                Conj/Fire      4%         6d3       100%        6
 Ozocubu's Refrigeration  Ice            9%         4d9       100%        7
 Storm Form               Tmut/Air       3%         N/A       100%        7
 Polar Vortex             Ice            9%         N/A       100%        9


Dungeon Overview and Level Annotations

Branches:
Dungeon (15/15)            Temple (0/1) D:6            Lair (0/5) D:8
    Orc (0/2) D:10         Vaults (0/5) D:14         Depths (0/4) D:15
 Bailey (visited)         Gauntlet (visited)

Altars:
Elyvilon
Gozag
Kikubaaqudgha
Nemelex Xobeh
Qazlal
Ru
Uskayaw
Wu Jian
The Shining One

Shops:
D:2 ?   D:12 =

Annotations:
D:13 3 runed translucent doors, Triangle's ghost, journeyman FeSu


Innate Abilities, Weirdness & Mutations

You have razor-sharp teeth.
Your natural rate of healing is unusually fast.
When hurt, damage is shared between your health and your magic reserves.
Your bite disrupts and absorbs the magic of your enemies.
Potions cannot restore your health.


Message History

You shoot an arrow. The arrow hits the meliai!!
The meliai is almost dead.
The meliai invokes the aid of its god against you.
Something smites you!
The meliai invokes the aid of its god against you.
Something smites you!
You shoot an arrow. The arrow hits the meliai.
The meliai is lightly wounded.
The meliai mumbles some strange prayers to its god against you.
Something smites you!
The meliai mumbles some strange prayers to its god against you.
Something smites you! The meliai hits you with a +0 war axe.
The meliai stings you but does no damage.
The +5 longbow "Fiqoorogg" {elec, Int+2} stops crackling.
You feel agile.
a - the +8 battleaxe of Accord (weapon)
{heavy, Dex+4} The meliai calls down the wrath of its god upon you.
Something smites you!
You slice the meliai!!
You kill the meliai!
The meliai mumbles some strange prayers to its god against you.
Something smites you!
The meliai invokes the aid of its god against you.
Something smites you!
* * * LOW HITPOINT WARNING * * *
The meliai hits you with a +0 war axe.
* * * LOW HITPOINT WARNING * * *
The meliai stings you but does no damage.
The meliai hits you with a +0 hand axe.
* * * LOW HITPOINT WARNING * * *
The meliai barely misses you.
You closely miss the meliai. You slice the meliai!!
You kill the meliai!
The meliai hits you but does no damage. The meliai stings you.
The meliai invokes the aid of its god against you.
Something smites you!
* * * LOW HITPOINT WARNING * * *
The meliai hits you with a +0 war axe.
You die...
Your body crumbles into a pile of gold.

#.............♣# #.... .........#
#...# #......... #...# #.........
#...# #......... #...###.........
#...............
#..######...............
......y@................
......$$................ ...#
#######................. ...#
#................. ...#
#................. ...#
#..........(...... ...#
#................. ...#
#.....(...........
...#############.................


You could see a meliai.

Vanquished Creatures
  Jorgrun (D:12)
  Kirke (D:14)
  Gastronok (D:7)
  A minotaur (Gauntlet)
  A fire dragon (D:15)
  2 ice dragons (D:15)
  Fannar (D:12)
  3 vault guards (D:14)
  A hydra (D:14)
  4 centaur warriors
  2 ogre magi (D:14)
  5 two-headed ogres
  4 boulder beetles
  2 tengu warriors
  A soul eater (Gauntlet)
  A death drake (Gauntlet)
  A deep elf archer (D:14)
  2 deep elf pyromancers
  4 orc knights
  A necromancer (D:15)
  An orc sorcerer (D:14)
  6 cyclopes
  5 ugly things
  Maurice (D:8)
  A spectral centaur (Gauntlet)
  2 unseen horrors (D:12)
  A torpor snail (Gauntlet)
  3 gargoyles
  Maggie (D:9)
  6 elephants (Gauntlet)
  2 komodo dragons
  2 yaktaurs (D:15)
  3 kobold demonologists
  A rime drake (D:8)
  2 tengu conjurers
  2 harpy zombies (D:15)
  2 meliai (D:15)
  A polar bear (D:8)
  6 trolls
  A harpy skeleton (D:15)
  17 slime creatures
  A wyvern (D:9)
  A water elemental (D:15)
  2 shadows
  2 vampires
  2 wraiths
  A basilisk (D:12)
  2 humans (D:14)
  4 hogs (D:14)
  10 yaks
  3 steam dragons
  9 vampire mosquitoes
  A water moccasin (D:7)
  An acid dragon (D:8)
  5 orc warriors
  2 sky beasts
  5 ice beasts (D:8)
  A black bear (D:4)
  5 ogres
  2 wolves (D:8)
  11 centaurs
  4 phantoms
  Blork the orc (D:5)
  7 kobold brigands
  3 bullfrogs
  A gnoll sergeant (D:12)
  2 scorpions (D:5)
  4 water moccasin zombies (D:5)
  9 wights
  A water moccasin skeleton (D:5)
  An electric eel (D:15)
  8 howler monkeys
  3 bullfrog zombies (D:5)
  2 centaur zombies
  Crazy Yiuf (D:7)
  2 jellies (D:5)
  A centaur skeleton (D:5)
  5 orc priests
  2 hounds
  A bullfrog skeleton (D:5)
  2 iguanas
  7 orc wizards
  4 scorpion zombies (D:5)
  Natasha (thrice) (D:3)
  9 gnolls
  3 adders
  2 shadow imps (Gauntlet)
  An ufetubus (D:6)
  2 adder zombies (D:5)
  2 worms
  2 dart slugs
  19 orcs
  2 bats (D:3)
  7 endoplasms
  A giant cockroach (D:1)
  5 goblins
  4 hobgoblins
  3 quokkas
  3 ball pythons
  4 frilled lizards
  20 kobolds
  7 rats
345 creatures vanquished.

Vanquished Creatures (others)
  A human (D:14)
  A centaur (D:8)
2 creatures vanquished.

Grand Total: 347 creatures vanquished

Notes
Turn   | Place    | Note
-------+----------+-------------------------------------------
     0 | D:1      | tizbic2 the Vine Stalker Brigand began the quest for the
                  | Orb.
     0 | D:1      | Reached XP level 1. HP: 11/11 MP: 2/2
   289 | D:1      | Reached XP level 2. HP: 15/15 MP: 3/3
   904 | D:2      | Reached skill level 1 in Dodging
   990 | D:2      | Identified the +10 hand axe of Qubiset {freeze, Int+3}
  1025 | D:2      | Reached XP level 3. HP: 16/18 MP: 2/4
  1028 | D:2      | Reached skill level 1 in Axes
  1028 | D:2      | Reached skill level 1 in Spellcasting
  1225 | D:2      | Gained mutation: Your natural rate of healing is unusually
                  | fast. [Vine Stalker growth]
  1225 | D:2      | Reached XP level 4. HP: 23/23 MP: 6/6
  1430 | D:2      | Found Maarorudd's Magic Scroll Shop.
  1433 | D:2      | Bought a scroll of identify for 22 gold pieces
  1509 | D:3      | Found an opulent altar of Gozag.
  1551 | D:3      | Became a worshipper of Gozag Ym Sagoz the Greedy
  1572 | D:3      | Found a faded altar of an unknown god.
  1734 | D:3      | Found a white marble altar of Elyvilon.
  1740 | D:3      | Reached XP level 5. HP: 27/27 MP: 8/8
  1874 | D:3      | Reached skill level 2 in Axes
  1944 | D:3      | Noticed Natasha
  1951 | D:3      | Killed Natasha
  1959 | D:3      | Reached skill level 1 in Ice Magic
  2166 | D:3      | Noticed Natasha
  2178 | D:3      | Killed Natasha
  2179 | D:3      | Reached XP level 6. HP: 18/32 MP: 5/10
  2395 | D:3      | Noticed Natasha
  2407 | D:3      | Killed Natasha
  2811 | D:4      | Noticed a black bear
  2833 | D:4      | Killed a black bear
  2834 | D:4      | Reached skill level 3 in Axes
  3096 | D:4      | Learned a level 3 spell: Ozocubu's Armour
  3261 | D:4      | Reached XP level 7. HP: 37/37 MP: 11/11
  3468 | D:5      | Entered Level 5 of the Dungeon
  3492 | D:5      | Reached skill level 4 in Axes
  3512 | D:5      | Gained mutation: You have razor-sharp teeth. [Vine Stalker
                  | growth]
  3512 | D:5      | Reached XP level 8. HP: 25/42 MP: 6/13
  3547 | D:5      | Reached skill level 5 in Fighting
  3722 | D:5      | Reached skill level 5 in Axes
  3839 | D:5      | Noticed Blork the orc
  3853 | D:5      | Killed Blork the orc
  3945 | D:5      | Found a sacrificial altar of Ru.
  3945 | D:5      | Found a sparkling altar of Nemelex Xobeh.
  3965 | D:5      | Reached skill level 1 in Fire Magic
  4020 | D:5      | Reached skill level 1 in Ranged Weapons
  4247 | D:5      | Reached skill level 1 in Armour
  4247 | D:5      | Reached XP level 9. HP: 25/48 MP: 6/16
  4444 | D:6      | Found a glowing golden altar of the Shining One.
  4444 | D:6      | Found a stormy altar of Qazlal.
  4558 | D:6      | Found a hide-covered altar of Uskayaw.
  4796 | D:6      | Found a staircase to the Ecumenical Temple.
  5161 | D:7      | Reached skill level 6 in Axes
  5174 | D:7      | Noticed a troll
  5179 | D:7      | Killed a troll
  5699 | D:7      | Found a runed translucent door.
  5700 | D:7      | Noticed Crazy Yiuf
  5708 | D:7      | Killed Crazy Yiuf
  5874 | D:8      | Noticed Gastronok
  5874 | D:8      | Noticed Maurice
  5890 | D:7      | Killed Gastronok
  5891 | D:7      | Reached skill level 7 in Axes
  5891 | D:7      | Reached skill level 5 in Spellcasting
  5891 | D:7      | Reached XP level 10. HP: 27/55 MP: 14/18
  6225 | D:9      | Noticed Maggie
  6234 | D:9      | Killed Maggie
  6541 | D:9      | Noticed a two-headed ogre
  6552 | D:9      | Killed a two-headed ogre
  6563 | D:8      | Found a flagged portal.
  6581 | Bailey   | Entered a bailey
  6785 | Bailey   | Found a burning altar of Makhleb.
  6801 | Bailey   | Identified the +5 scale mail of the Many Shrikes {rPois
                  | Str+4 Int+3}
  6847 | D:8      | Reached XP level 11. HP: 60/60 MP: 20/20
  6862 | D:8      | Reached skill level 8 in Axes
  6872 | D:8      | Killed Maurice
  6882 | D:8      | Reached skill level 5 in Ranged Weapons
  7109 | D:8      | Identified the +0 hat "Axehiv" {rPois Dex+2}
  7168 | D:8      | Found an ancient bone altar of Kikubaaqudgha.
  7192 | D:8      | Found a staircase to the Lair.
  7512 | D:10     | Entered Level 10 of the Dungeon
  7568 | D:10     | Reached skill level 5 in Armour
  7849 | D:10     | Noticed a two-headed ogre
  7860 | D:10     | Killed a two-headed ogre
  7922 | D:10     | Found a staircase to the Orcish Mines.
  8232 | D:11     | Reached skill level 9 in Axes
  8332 | D:11     | Noticed a brown ugly thing
  8336 | D:11     | Noticed a boulder beetle
  8342 | D:11     | Killed a brown ugly thing
  8343 | D:11     | Reached XP level 12. HP: 66/66 MP: 22/22
  8371 | D:11     | Killed a boulder beetle
  9160 | D:12     | Found an ornate altar of the Wu Jian Council.
  9193 | D:12     | Noticed Jorgrun
  9217 | D:12     | Killed Jorgrun
  9218 | D:12     | Reached skill level 10 in Fighting
  9224 | D:12     | Reached skill level 10 in Axes
  9323 | D:12     | Bought the ring "Apiemn" {Wiz Will+ Str+2 Slay+3 Stlth+}
                  | for 933 gold pieces
  9332 | D:12     | Noticed Fannar
  9345 | D:12     | Killed Fannar
  9519 | D:12     | Reached skill level 1 in Summonings
  9692 | D:13     | Noticed a centaur warrior
  9692 | D:13     | Found a gate leading to a gauntlet.
  9865 | D:13     | Killed a centaur warrior
  9866 | D:13     | Reached XP level 13. HP: 22/72 MP: 14/24
  9925 | Gauntlet | Entered a Gauntlet
  9925 | Gauntlet | Found a transporter.
  9934 | Gauntlet | Found a transporter.
  9938 | Gauntlet | Found a runed translucent door.
  9946 | Gauntlet | Found a runed translucent door.
  9949 | Gauntlet | Found a transporter.
  9951 | Gauntlet | Found a transporter.
  9961 | Gauntlet | Found a transporter.
  9977 | Gauntlet | Found a transporter.
  9987 | Gauntlet | Found a transporter.
  9994 | Gauntlet | Noticed a dire elephant
  9997 | Gauntlet | Found a transporter.
 10012 | Gauntlet | Found a transporter.
 10022 | Gauntlet | Found a transporter.
 10024 | Gauntlet | Found a transporter.
 10039 | Gauntlet | Found a transporter.
 10142 | Gauntlet | Found a transporter.
 10273 | Gauntlet | Got the Discourse on the Nival Panacea
 10303 | Gauntlet | Identified the +8 battleaxe of Accord {heavy, Dex+4}
 10303 | Gauntlet | Noticed a minotaur
 10317 | Gauntlet | Killed a minotaur
 10369 | Gauntlet | Identified the staff of fire "Ewnurioq" {rF+ rCorr Int+3}
 10579 | D:13     | Found a runed translucent gate.
 10579 | D:13     | Found a runed translucent gate.
 10580 | D:13     | Found a runed translucent gate.
 10581 | D:13     | Noticed Triangle's ghost (journeyman FeSu)
 10739 | D:13     | Reached skill level 11 in Axes
 11150 | D:14     | Noticed Kirke
 11154 | D:14     | Killed Kirke
 11208 | D:14     | Identified the +5 longbow "Fiqoorogg" {elec, Int+2}
 11646 | D:14     | Reached skill level 12 in Axes
 11715 | D:14     | Noticed a vault guard
 11719 | D:14     | Killed a vault guard
 11721 | D:14     | Reached XP level 14. HP: 57/79 MP: 19/25
 11830 | D:14     | Found a gate to the Vaults.
 12117 | D:15     | Entered Level 15 of the Dungeon
 12242 | D:15     | Found a staircase to the Depths.
 12368 | D:15     | Reached skill level 13 in Axes
 12384 | D:15     | HP: 2/80 [red ugly thing (9)]
 12777 | D:15     | HP: 2/80 [meliai/divine providence (10)]
 12777 | D:15     | Slain by a meliai

Illustrated notes

Levels and vault maps discovered:
D:1:      eino_arrival_tree_alley, layout_loops_corners, dk_noncrumbling_4
D:2:      cheibrodos_pilgrimage, layout_basic, serial_shops,
          nicolae_shop_rolled_up
D:3:      layout_rooms, amcnicky_altar_gilded, mainiacjoe_overflow_paths,
          hellmonk_ecumenical_altar_prayer_group, uniq_natasha
D:4:      layout_basic
D:5:      layout_basic, jmf_multi_god_temple, serial_undead, serial_undead_b,
          serial_undead_e, serial_undead_f, serial_undead_b, serial_undead_d,
          serial_undead_b, serial_undead_c, serial_undead_a, serial_undead_d,
          serial_undead_d, uniq_blork_the_orc
D:6:      layout_rooms, mainiacjoe_overflow_chevrons,
          gammafunk_temple_overflow_wave, minmay_temple_entry_poolview,
          kennysheep_generic_room_3
D:7:      layout_basic, uniq_crazy_yiuf_cottage
D:8:      layout_rooms, kennysheep_mini_moat, hellmonk_lair_entry_icy,
          enter_bailey_5, centaur_isle, uniq_gastronok, uniq_maurice
D:9:      layout_small_grid, uniq_maggie
D:10:     layout_irregular_city, orc_0_dummy
D:11:     layout_loops_ring
D:12:     layout_roguey, roderic_roman_lattice, abandoned_shop,
          pdpol_wu_jian_five_deadly_venoms, uniq_fannar, uniq_jorgrun
D:13:     layout_small_grid, gammafunk_ghost_hydra_chop, gauntlet_entry_generic,
          hangedman_abyss_or_decor_passed
D:14:     layout_long_grid, grunt_vaults_entry_fortified, uniq_kirke
D:15:     grunt_enter_depths_hoard, layout_small_grid, serial_shops,
          nicolae_shop_real_fake_doors, minmay_crystal_room,
          serial_bayou_pond_b, st_stairs_10

Skill      XL: |  1  2  3  4  5  6  7  8  9 10 11 12 13 14 |
---------------+-------------------------------------------+-----
Throwing       | 2 |  2.4
Dodging        | 1 |  1.0
Fighting       | 2 3 4 5 7 8 9 10 11 12 | 12.2
Axes           | 1 2 3 4 5 7 9 10 12 13 | 13.3
Spellcasting   | 1 2 3 4 5 6 7 |  7.1
Ice Magic      | 1 2 3 |  3.7
Fire Magic     | 1 |  1.3
Ranged Weapons | 1 3 4 6 7 |  7.8
Armour         | 1 3 4 5 6 7 8 |  8.4
Summonings     | 2 3 |  3.9
Short Blades   | |  1.7
Stealth        | |  4.8

Action                     |  1- 3 |  4- 6 |  7- 9 | 10-12 | 13-15 || total
---------------------------+-------+-------+-------+-------+-------++-------
  Melee: Dagger            |    36 |       |       |       |       ||    36
         Bite              |    11 |    14 |    54 |   146 |   100 ||   325
         Hand axe          |    10 |    85 |   176 |   382 |    85 ||   738
         Punch             |       |       |     6 |     6 |     1 ||    13
         Mace              |       |       |       |     5 |     6 ||    11
         Battleaxe         |       |       |       |       |   135 ||   135
   Fire: Shortbow          |       |       |    16 |    64 |       ||    80
         Longbow           |       |       |       |       |    41 ||    41
  Throw: Dart              |     5 |     5 |       |     4 |       ||    14
         Stone             |       |       |     7 |       |       ||     7
         Boomerang         |       |       |       |     3 |       ||     3
   Cast: Ozocubu's Armour  |       |       |       |     1 |       ||     1
 Invoke: Call Merchant     |       |       |       |     1 |       ||     1
         Potion Petition   |       |       |       |       |     2 ||     2
  Evoke: Wand              |       |       |       |     1 |       ||     1
    Use: Scroll            |       |     8 |     8 |    11 |     3 ||    30
         Potion            |       |       |       |     2 |     1 ||     3
   Stab: Sleeping          |     1 |     4 |     1 |     1 |     6 ||    13
         Distracted        |       |       |     1 |     3 |     2 ||     6
         Invisible         |       |       |       |       |     5 ||     5
 Armour: Leather armour    |    10 |    15 |    59 |       |       ||    84
         Ring mail         |       |       |     6 |       |       ||     6
         Plate armour      |       |       |    50 |    19 |       ||    69
         Acid dragon scale |       |       |       |    37 |       ||    37
         Scale mail        |       |       |       |   248 |   267 ||   515
  Dodge: Dodged            |    23 |    39 |    75 |   199 |   176 ||   512
